 Dungeon Crawl Stone Soup version 0.28.0-43-g3370ac3207 (webtiles) character file.

Game seed: 7815875280969774408

49 pkoi the Slasher (level 3, -1/34 HPs)
             Began as a Hill Orc Monk on Mar 22, 2022.
             Slain by a worm (3 damage)
             ... on level 2 of the Dungeon.
             The game lasted 00:01:26 (2333 turns).

pkoi the Slasher (Hill Orc Monk)                    Turns: 2333, Time: 00:01:26

Health: -1/34      AC:  2    Str: 15    XL:     3   Next: 75%
Magic:  3/3        EV: 12    Int: 10    God:
Gold:   92         SH:  0    Dex: 13    Spells: 2/2 levels left

rFire   . . .      SeeInvis .   a - +0 falchion
rCold   . . .      Faith    .   (no shield)
rNeg    . . .      Spirit   .   b - +0 robe
rPois   .          Reflect  .   (no helmet)
rElec   .          Harm     .   (no cloak)
rCorr   .          Rampage  .   (no gloves)
Will    .....                   (no boots)
Stlth   ++........              (no amulet)
HPRegen 0.11/turn               (no ring)
MPRegen 0.08/turn               (no ring)

@: no status effects
A: no striking features
a: no special abilities


You were on level 2 of the Dungeon.
You visited 1 branch of the dungeon, and saw 2 of its levels.

You collected 92 gold pieces.

Inventory:

Hand Weapons
 a - a +0 falchion (weapon)
Armour
 b - a +0 robe (worn)
Scrolls
 c - a scroll of identify {unknown}
Potions
 d - a potion of haste {unknown}
 e - a potion of might {unknown}


   Skills:
 + Level 4.3 Fighting
 * Level 4.5 Long Blades
 - Level 2.4 Dodging
 - Level 1.5 Stealth


You had 2 spell levels left.
You didn't know any spells.
Your spell library was empty.

Dungeon Overview and Level Annotations

Branches:
Dungeon (2/15)

Altars:


Message History

You are too injured to fight recklessly!
You are too injured to fight recklessly!
You are too injured to fight recklessly!
You are too injured to fight recklessly!
You are too injured to fight recklessly!
You are too injured to fight recklessly!
You are too injured to fight recklessly!
You are too injured to fight recklessly!
You are too injured to fight recklessly!
The bat hits you but does no damage. The jackal closely misses you.
The worm bites you.
* * * LOW HITPOINT WARNING * * *
The jackal barely misses you. The bat barely misses you.
You are too injured to fight recklessly!
You hit the jackal but do no damage.
The jackal bites you but does no damage.
You hit the jackal but do no damage. The bat hits you but does no damage.
The jackal bites you but does no damage.
The jackal closely misses you.
You hit the jackal.
You kill the jackal!
The bat closely misses you.
Found 9 gold pieces and a long sword.
You barely miss the worm.
The worm is lightly wounded.
You hit the worm.
The worm is moderately wounded.
The worm bites you!
* * * LOW HITPOINT WARNING * * *
You hit the worm.
The worm is heavily wounded.
You hit the worm.
The worm is severely wounded.
The worm bites you!
* * * LOW HITPOINT WARNING * * *
You barely miss the worm.
The worm is heavily wounded.
The worm bites you.
You die...

#.. #.(# #..# ##.##
###...###..# #..###...#######
......†....# #...........##..
.......w..†###..###...##.##..
..........#.....# ##.###(....
###...#.##.#w#..# #.........
#.....####b# # ##.###....
#...### #w# #.# ###.. #..#
#@# #.# #.. #...........$.#
#.# ##. ####.##.#.## #.# #.
.) #.#.# ###.######. ## #.# #
#.......... #.# #.#.###....
#.# #.#.# #.##. ..# #.#.#
#.##. #.#.# #.##.


You could see 2 worms and a bat.

Vanquished Creatures
  A gnoll (D:1)
  A worm (D:2)
  A dart slug (D:2)
  3 orcs (D:2)
  A ball python (D:2)
  A bat (D:2)
  An endoplasm (D:2)
  2 giant cockroaches (D:1)
  3 goblins
  2 hobgoblins (D:2)
  5 jackals
  A kobold (D:1)
  2 quokkas
  A frilled lizard (D:1)
  2 rats
27 creatures vanquished.

Notes
Turn   | Place    | Note
-------+----------+-------------------------------------------
     0 | D:1      | pkoi the Hill Orc Monk began the quest for the Orb.
     0 | D:1      | Reached XP level 1. HP: 19/19 MP: 1/1
    91 | D:1      | Reached XP level 2. HP: 7/27 MP: 2/2
  1316 | D:2      | Reached XP level 3. HP: 12/33 MP: 3/3
  2333 | D:2      | Slain by a worm

Illustrated notes

Levels and vault maps discovered:
D:1:      psy_arrival_terrarium, layout_basic, kennysheep_small_spiral,
          nicolae_grassy_gnolls
D:2:      layout_loops_ring, hangedman_abyss_or_decor_lesser_grid,
          guppyfry_early_orc_mine

Skill      XL: |  1  2 |
---------------+-------+-----
Fighting       | 4 |  4.3
Long Blades    | 4 |  4.5
Dodging        | |  2.4
Stealth        | |  1.5

Action                   || total
-------------------------++-------
Melee: Falchion          ||    99
  Use: Scroll            ||     2
 Stab: Sleeping          ||     1
Armor: Robe              ||    16
Dodge: Dodged            ||    71
